 Dungeon Crawl Stone Soup version 0.31-a0-523-g071a6c1ffa (webtiles) character file.

Game seed: 1151628000784396368

106 Newt the Trooper (level 4, -9/35 HPs)
             Began as a Demonspawn Fighter on Aug 11, 2023.
             Killed from afar by Ijyb (25 damage)
             ... with a bolt of acid
             ... on level 3 of the Dungeon.
             The game lasted 00:01:55 (1498 turns).

Newt the Trooper (Demonspawn Fighter)               Turns: 1498, Time: 00:01:58

Health: -9/35      AC:  8    Str: 18    XL:     4   Next: 55%
Magic:  4/4        EV:  9    Int:  9    God:
Gold:   40         SH:  5    Dex: 19    Spells: 3/3 levels left

rFire   . . .        k - +2 trident (flame)
rCold   . . .        c - +0 buckler
rNeg    . . .        b - +0 scale mail
rPois   .            o - +2 hat
rElec   .            (no cloak)
rCorr   .            (no gloves)
SInv    .            p - +0 pair of boots
Will    .....        (no amulet) Stlth
                     f - +6 ring of dexterity
HPRegen 0.25/turn    (no ring)
MPRegen 0.09/turn

%: no passive effects
@: corroded
A: molten scales 2, weakness stinger 1
a: no special abilities


You were on level 3 of the Dungeon.
You visited 1 branch of the dungeon, and saw 3 of its levels.

You collected 40 gold pieces.

Inventory:

Hand Weapons
 a - a +0 rapier
 k - a +2 trident of flaming (weapon)
Missiles
 g - 9 boomerangs (quivered)
 m - 6 poisoned darts
Armour
 b - a +0 scale mail (worn)
 c - a +0 buckler (worn)
 o - a +2 hat (worn)
 p - a +0 pair of boots (worn)
Jewellery
 f - a +6 ring of dexterity (left hand)
 s - an amulet of reflection
Wands
 q - a wand of paralysis (7)
Scrolls
 e - a scroll of silence
 h - 2 scrolls of blinking
 r - a scroll of teleportation
Potions
 d - 2 potions of might
 i - a potion of heal wounds
 j - a potion of curing
 l - 2 potions of haste
 n - a potion of degeneration {unknown}


   Skills:
 - Level 3.0 Fighting
 - Level 3.0 Short Blades
 + Level 3.0 Throwing
 - Level 2.6 Armour
 - Level 2.6 Shields


You had 3 spell levels left.
You didn't know any spells.
Your spell library contained the following spells:

 Spells                   Type           Power      Damage    Failure   Level
 Gell's Gravitas          Tloc           0%         N/A       99%         3
 Teleport Other           Tloc           0%         N/A       99%         3
 Dispersal                Tloc           0%         N/A       100%        6


Dungeon Overview and Level Annotations

Branches:
Dungeon (3/15)

Altars:

Annotations:
D:3 Ijyb


Innate Abilities, Weirdness & Mutations

You are mostly covered in molten scales. (AC +3)
You have a small tail.


Message History

You reach to attack!
You hit the hobgoblin. You burn the hobgoblin.
You kill the hobgoblin!
No target in view!
No target in view!
No target in view!
No target in view!
No target in view!
A rat comes into view.
Found a stone staircase leading down.
You reach to attack!
You hit the rat. You burn the rat.
You kill the rat!
No target in view!
No target in view!
Found 7 stones.
No target in view!
A hobgoblin comes into view.
A hobgoblin is nearby!
You closely miss the hobgoblin.
The hobgoblin hits you but does no damage.
You puncture the hobgoblin! You burn the hobgoblin.
You kill the hobgoblin!
No target in view!
No target in view!
You now have 40 gold pieces (gained 13).
n - a viscous brown potion
s - an amulet of reflection No target in view!
h - 2 scrolls of blinking (gained 1)
Found a serpent talisman.
l - 2 potions of haste (gained 1)
Found a falchion.
Ijyb the Twisted Goblin comes into view.
She is wielding a +0 dagger and carrying a wand of acid.
You see here a metallic cyan potion.
You puncture Ijyb! You burn Ijyb. You tail-slap Ijyb.
Ijyb is severely wounded.
Ijyb zaps a wand.
The bolt of acid hits you!!
Ouch! That really hurt!
The acid corrodes you!
Ijyb zaps a wand.
The bolt of acid hits you!!
Ouch! That really hurt!
You die...

#.#.# #.#.# ##.####.. ..#..
........) .. ........#
####'######.......
#................##.##.#
#................#.....
#..............g.##...#
#.......... #@##...# ##
........... #.##...# ..
.....######## #.##..%# .# #
..#.........####.##...###.#.###
..#..######.##.................
..#..# #.##.#.###...........
..#..# #.##.#.# ###..###.##
..#..#### #....#.###...##
........######.#.##..###


You could see Ijyb.

Vanquished Creatures
  A sleepcap (D:2)
  2 adders (D:2)
  A worm (D:2)
  2 dart slugs
  5 orcs (D:3)
  6 ball pythons
  2 endoplasms (D:2)
  3 giant cockroaches
  4 goblins
  4 hobgoblins
  3 kobolds
  6 quokkas
  4 bats
  5 rats
48 creatures vanquished.

Notes
Turn   | Place    | Note
-------+----------+-------------------------------------------
     0 | D:1      | Newt the Demonspawn Fighter began the quest for the Orb.
     0 | D:1      | Reached XP level 1. HP: 18/18 MP: 1/1
   240 | D:1      | Gained mutation: You have a small tail. [demonic ancestry]
   240 | D:1      | Reached XP level 2. HP: 20/24 MP: 2/2
   625 | D:2      | Reached skill level 1 in Throwing
   625 | D:2      | Gained mutation: You are partially covered in molten
                  | scales. (AC +2) [demonic ancestry]
   625 | D:2      | Reached XP level 3. HP: 28/29 MP: 3/3
   900 | D:2      | Gained mutation: You are mostly covered in molten scales.
                  | (AC +3) [demonic ancestry]
   900 | D:2      | Reached XP level 4. HP: 35/35 MP: 4/4
  1496 | D:3      | Noticed Ijyb
  1498 | D:3      | Killed from afar by Ijyb

Illustrated notes

Levels and vault maps discovered:
D:1:      tarquinn_simple_flora_water_f, layout_basic, minmay_misc_feat_ornament
D:2:      layout_rooms, st_stairs_1
D:3:      layout_basic, uniq_ijyb

Skill      XL: |  1  2  3  4 |
---------------+-------------+-----
Short Blades   | 2 3 |  3.0
Throwing       | 1 2 3 |  3.0
Fighting       | |  3.0
Armour         | |  2.6
Shields        | |  2.6

Action                     |  1- 3 |  4- 6 || total
---------------------------+-------+-------++-------
  Melee: Rapier            |    97 |    39 ||   136
         Tailslap          |     7 |     6 ||    13
         Trident           |       |     5 ||     5
  Throw: Boomerang         |       |     2 ||     2
    Use: Scroll            |       |     8 ||     8
 Armour: Scale mail        |    38 |    18 ||    56
  Dodge: Dodged            |    42 |    13 ||    55
  Block: Buckler           |    21 |     7 ||    28

Table legend: (Time is in decaauts)
 A = Elapsed time spent in this place.
 B = Non-inter-level travel time spent in this place.
 C = Inter-level travel time spent in this place.
 D = Time resting spent in this place.
 E = Time spent auto-exploring this place.
 F = Levels seen in this place.
 G = Mean time per level.
                   A        B        C        D        E       F      G
               +--------+--------+--------+--------+--------+-----+--------+
         Total |   1510 |   1412 |     98 |      0 |   1095 |   3 |  503.3 |
       Dungeon |   1510 |   1412 |     98 |      0 |   1095 |   3 |  503.3 |
               +--------+--------+--------+--------+--------+-----+--------+

Top non-repeatable levels by time:
     D:2: 649 daAuts
     D:1: 604 daAuts
     D:3: 256 daAuts
